 Dungeon Crawl Stone Soup version 0.30-a0-883-g5ad918d77d (console) character file.

Game seed: 523672235254663025

1 Abuh the Ruffian (level 1, -2/16 HPs)
             Began as a Draconian Transmuter on Mar 15, 2023.
             Slain by a kobold
             ... wielding a +0 whip
              (3 damage)
             ... on level 1 of the Dungeon.
             The game lasted 00:00:50 (112 turns).

Abuh the Ruffian (Draconian Transmuter)              Turns: 112, Time: 00:00:51

Health: -2/16      AC:  4    Str: 12    XL:     1   Next: 16%
Magic:  2/3        EV:  9    Int: 13    God:
Gold:   16         SH:  0    Dex: 11    Spells: 3/4 levels left

rFire   . . .      SeeInvis .      - Unarmed
rCold   . . .      Faith    .    (no shield)
rNeg    . . .      Spirit   .    (body armour unavailable)
rPois   .          Reflect  .    (helmet currently unavailable)
rElec   .          Rampage  .    (no cloak)
rCorr   .                        (no gloves)
Will    .....                    (boots currently unavailable)
Stlth   +                        (no amulet)
HPRegen 0.22/turn                (no ring)
MPRegen 0.08/turn                (no ring)

@: appendages (expiring), constricted
A: horns 2, talons 2, AC +4, unfitting armour, cold-blooded
a: End Transformation


You were on level 1 of the Dungeon.
You had temporarily grown beastly horns and talons.
You visited 1 branch of the dungeon, and saw 1 of its levels.

You collected 16 gold pieces.

Inventory:

Scrolls
 b - a scroll of teleportation {unknown}
 c - a scroll of fog {unknown}
Potions
 a - a potion of lignification


   Skills:
 + Level 1.1 Fighting
 + Level 1.8 Dodging
 + Level 3.0 Unarmed Combat
 + Level 2.0 Spellcasting
 + Level 2.0 Transmutations


You had 3 spell levels left.
You knew the following spells:

 Your Spells              Type           Power      Damage    Failure   Level
a - Beastly Appendage     Tmut           12%        N/A       11%         1

Your spell library contained the following spells:

 Spells                   Type           Power      Damage    Failure   Level
 Wereblood                Tmut           6%         N/A       17%         2
 Spider Form              Tmut/Pois      3%         N/A       45%         3
 Ice Form                 Ice/Tmut       3%         N/A       86%         4


Dungeon Overview and Level Annotations

Branches:
Dungeon (1/15)

Altars:


Innate Abilities, Weirdness & Mutations

You have temporarily grown beastly horns and talons.
Your plain brown scales are hard. (AC +4)
You cannot fit into any form of body armour.
You are cold-blooded and may be slowed by cold attacks.


Message History

You don't know that spell.
Casting: Beastly Appendage (safe; 11% risk of failure)
Confirm with . or Enter, or press ? or * to list all spells.
You don't know that spell.
Unknown command.
Casting: Beastly Appendage (safe; 11% risk of failure)
Confirm with . or Enter, or press ? or * to list all spells.
You grow a pair of large bovine horns.
Your feet morph into talons.
The kobold hits you but does no damage.
You hit the kobold but do no damage.
A ball python comes into view.
The giant cockroach closely misses you. The kobold hits you but does no damage.
You barely miss the kobold. The giant cockroach barely misses you.
The kobold hits you but does no damage.
You hit the kobold but do no damage. Your headbutt misses the kobold.
The giant cockroach bites you. The kobold hits you with a +0 whip.
The giant cockroach barely misses you.
You closely miss the kobold. You headbutt the kobold.
The kobold is moderately wounded.
The kobold hits you but does no damage.
A hobgoblin comes into view.
The giant cockroach bites you.
You barely miss the kobold.
The hobgoblin shouts!
Your headbutt misses the kobold.
The kobold is moderately wounded.
Your transformation is almost over.
The kobold hits you with a +0 whip.
* * * LOW HITPOINT WARNING * * *
The giant cockroach misses you.
You barely miss the giant cockroach. Your kick misses the giant cockroach.
Your headbutt misses the giant cockroach.
The ball python bites you but does no damage.
The ball python grabs you. The ball python constricts you.
The giant cockroach barely misses you. The kobold hits you with a +0 whip.
* * * LOW HITPOINT WARNING * * *
You barely miss the giant cockroach.
You headbutt the giant cockroach, but do no damage.
The ball python bites you.
* * * LOW HITPOINT WARNING * * *
The ball python constricts you.
The giant cockroach bites you but does no damage.
The kobold hits you with a +0 whip.
You die...

#....##.....##.# #.#
..#...#.....##.####.##
..##.#...............#
.#
#.##.##.....##.#####.#
.# #.##†##.....##.#
#.# .##
#.##.####.####.# #.#
..## #.##.# #.# #.#
#.### ...## #....# #.#
#.# #.#.##
8..8#########..### #.#
#.# #..#.##
....'..........# #.#
#.# ##.###.####.###
(...'.#######..#
..##.## ##........
....'.# #.....
....#.###.########
8..8### #..####
.......#.##### ...##
##.# #.#..(.......###
..## #.#
...###....>.....# .##
#.# .# ########.#.# .#
.# #.# # .# #.#.# .#
#.#># .# #.#.# . ♣♣
#######.#.###..
...............
#.#####........
#..###### #.@# #SBK..#
##.##.# #g# # ... .#.
. .. ## ##


You could see a giant cockroach, a hobgoblin, a ball python and a kobold.

Vanquished Creatures
  A hobgoblin (D:1)
1 creature vanquished.

Notes
Turn   | Place    | Note
-------+----------+-------------------------------------------
     0 | D:1      | Abuh the Draconian Transmuter began the quest for the Orb.
     0 | D:1      | Reached XP level 1. HP: 16/16 MP: 3/3
   112 | D:1      | Slain by a kobold

Illustrated notes

Levels and vault maps discovered:
D:1:      kennysheep_arrival_forest, layout_loops_ring,
          shapermc_ecumenical_altar_venn, minmay_crystal_room

Action                     || total
---------------------------++-------
  Melee: Unarmed           ||     9
         Headbutt          ||     3
   Cast: Beastly Appendage ||     2
 Armour: Skin              ||     6
  Dodge: Dodged            ||     5

Table legend: (Time is in decaauts)
 A = Elapsed time spent in this place.
 B = Non-inter-level travel time spent in this place.
 C = Inter-level travel time spent in this place.
 D = Time resting spent in this place.
 E = Time spent auto-exploring this place.
 F = Levels seen in this place.
 G = Mean time per level.
                   A        B        C        D        E       F      G
               +--------+--------+--------+--------+--------+-----+--------+
         Total |    111 |    111 |      0 |     10 |     64 |   1 |  111.0 |
       Dungeon |    111 |    111 |      0 |     10 |     64 |   1 |  111.0 |
               +--------+--------+--------+--------+--------+-----+--------+

Top non-repeatable levels by time:
     D:1: 111 daAuts
